[Event "2nd Gujarat Open 2019"]
[Site "Ahmedabad, Gujarat"]
[Date "2019.09.29"]
[Round "10.1"]
[White "Rozum, Ivan"]
[Black "Neelash Saha"]
[Result "1/2-1/2"]
[ECO "A40"]
[WhiteElo "2596"]
[BlackElo "2334"]
[Annotator "ChessBase"]
[PlyCount "29"]
[EventDate "2019.09.22"]
[EventType "swiss"]
[EventCountry "IND"]
[SourceTitle "playchess.com"]
[Source "ChessBase"]
[SourceQuality "1"]
[TimeControl "5400+30"]

1. d4 Nf6 2. c4 e6 3. g3 d5 4. Nf3 Bb4+ 5. Bd2 Be7 6. Bg2 O-O 7. O-O Nbd7 8. Qc2 c6 9. Rd1 b6 10. Bf4 Nh5 11. Bc1 Nhf6 12. Bf4 Nh5 13. Bc1 Nhf6 14. Bf4 Nh5 15. Bc1 1/2-1/2

[Event "2nd Gujarat Open 2019"]
[Site "Ahmedabad, Gujarat"]
[Date "2019.09.29"]
[Round "10.2"]
[White "Chanda, Sandipan"]
[Black "Saptarshi, Roy"]
[Result "1-0"]
[ECO "E46"]
[WhiteElo "2529"]
[BlackElo "2480"]
[Annotator "ChessBase"]
[PlyCount "103"]
[EventDate "2019.09.22"]
[EventType "swiss"]
[EventCountry "IND"]
[SourceTitle "playchess.com"]
[Source "ChessBase"]
[SourceQuality "1"]
[TimeControl "5400+30"]

1. d4 Nf6 2. c4 e6 3. Nc3 Bb4 4. e3 O-O 5. Bd2 d5 6. Nf3 b6 7. cxd5 exd5 8. Rc1 Bb7 9. Bd3 Nbd7 10. O-O Be7 11. Qc2 c5 12. Ne5 cxd4 13. exd4 Nxe5 14. dxe5 Ne4 15. Rcd1 Rc8 16. Qb1 f5 17. exf6 Nxf6 18. Bf5 d4 19. Bg5 h6 20. Bxf6 Bxf6 21. Bxc8 Qxc8 22. Ne4 Be5 23. Rfe1 Rf4 24. Ng3 Qc6 25. f3 Qd6 26. Qd3 Bd5 27. Qe2 Bf6 28. Nh5 Rf5 29. Nxf6+ Qxf6 30. Qe7 Rxf3 31. Qxf6 Rxf6 32. b3 Rg6 33. g3 Rg4 34. Re8+ Kf7 35. Rd8 Rg5 36. Rxd4 Ke6 37. Ra4 a5 38. Rb8 Bc6 39. Rxb6 Kd7 40. Rc4 Bb5 41. Rb7+ Kd6 42. Rd4+ Kc5 43. Rf4 g6 44. Ra7 Kb6 45. Rg7 Bd3 46. Kf2 Rd5 47. Ke3 Bb1 48. Rf6+ Kc5 49. Rc7+ Kb4 50. Rc4+ Ka3 51. Rf2 Re5+ 52. Kd4 1-0

[Event "2nd Gujarat Open 2019"]
[Site "Ahmedabad, Gujarat"]
[Date "2019.09.29"]
[Round "10.3"]
[White "Vasquez Schroeder, Rodrigo"]
[Black "Das, Sayantan"]
[Result "1-0"]
[ECO "E68"]
[WhiteElo "2476"]
[BlackElo "2434"]
[Annotator "ChessBase"]
[PlyCount "69"]
[EventDate "2019.09.22"]
[EventType "swiss"]
[EventCountry "IND"]
[SourceTitle "playchess.com"]
[Source "ChessBase"]
[SourceQuality "1"]
[TimeControl "5400+30"]

1. d4 Nf6 2. c4 g6 3. g3 Bg7 4. Bg2 O-O 5. Nc3 d6 6. Nf3 Nbd7 7. O-O e5 8. e4 exd4 9. Nxd4 Re8 10. h3 Nc5 11. Re1 a5 12. Rb1 Bd7 13. Bf4 Nh5 14. Be3 Nf6 15. f3 c6 16. Qd2 Qc7 17. g4 Rad8 18. Kh1 Ne6 19. Qf2 Qb8 20. Rbd1 Nxd4 21. Bxd4 Be6 22. Bf1 h5 23. Qh4 Nd7 24. gxh5 Ne5 25. hxg6 Nxg6 26. Qg5 Be5 27. Be3 Bd7 28. f4 Bxc3 29. bxc3 Rxe4 30. f5 Re5 31. Bd4 Rxf5 32. Qh6 Re5 33. Bd3 Be8 34. Rf1 c5 35. Bxg6 1-0

[Event "2nd Gujarat Open 2019"]
[Site "Ahmedabad, Gujarat"]
[Date "2019.09.29"]
[Round "10.4"]
[White "Himanshu, Sharma"]
[Black "Manush Shah"]
[Result "0-1"]
[ECO "B12"]
[WhiteElo "2408"]
[BlackElo "2352"]
[Annotator "ChessBase"]
[PlyCount "91"]
[EventDate "2019.09.22"]
[EventType "swiss"]
[EventCountry "IND"]
[SourceTitle "playchess.com"]
[Source "ChessBase"]
[SourceQuality "1"]
[TimeControl "5400+30"]

1. e4 c6 2. d4 d5 3. e5 Bf5 4. Nd2 e6 5. Nb3 c5 6. dxc5 Bxc5 7. Nxc5 Qa5+ 8. c3 Qxc5 9. Qa4+ Nd7 10. Nf3 Ne7 11. Bb5 Qc7 12. Bxd7+ Qxd7 13. Qxd7+ Kxd7 14. Nd4 Bd3 15. Bf4 Nc6 16. Kd2 Ba6 17. h4 Nxd4 18. cxd4 Rac8 19. Rac1 Rxc1 20. Rxc1 Rc8 21. Rh1 Ke7 22. h5 h6 23. b3 Bb5 24. g4 f5 25. exf6+ Kxf6 26. Be5+ Kf7 27. f4 Be8 28. g5 Kf8 29. Bd6+ Kf7 30. a4 Rc6 31. Be5 Kf8 32. Rh3 Bf7 33. g6 Be8 34. Re3 Bd7 35. f5 a6 36. f6 gxf6 37. Bxf6 Kg8 38. Be5 Rc8 39. Bd6 Rc6 40. Bf4 Kg7 41. Be5+ Kg8 42. Rf3 Be8 43. a5 b6 44. g7 Bf7 45. Rf6 Kxg7 46. Rxe6+ 0-1

[Event "2nd Gujarat Open 2019"]
[Site "Ahmedabad, Gujarat"]
[Date "2019.09.29"]
[Round "10.5"]
[White "Rahman, Ziaur"]
[Black "Karthikeyan, P.."]
[Result "0-1"]
[ECO "A45"]
[WhiteElo "2492"]
[BlackElo "2408"]
[Annotator "ChessBase"]
[PlyCount "136"]
[EventDate "2019.09.22"]
[EventType "swiss"]
[EventCountry "IND"]
[SourceTitle "playchess.com"]
[Source "ChessBase"]
[SourceQuality "1"]
[TimeControl "5400+30"]

1. d4 Nf6 2. Bg5 e6 3. Nd2 h6 4. Bh4 c5 5. c3 Nc6 6. e3 d5 7. Ngf3 g5 8. Bg3 Nh5 9. Qc2 Nxg3 10. hxg3 g4 11. Ng1 cxd4 12. exd4 Qg5 13. Bb5 Bd7 14. Ne2 Bd6 15. Nb3 O-O-O 16. Qd2 a6 17. Bd3 e5 18. dxe5 Nxe5 19. Nbd4 Nxd3+ 20. Qxd3 h5 21. Qd2 Qf6 22. Nf4 Rde8+ 23. Kd1 Bc5 24. Kc2 Bf5+ 25. Nxf5 Qxf5+ 26. Kb3 Qe4 27. Qxd5 Qxd5+ 28. Nxd5 Bxf2 29. Raf1 Re2 30. a4 Rd2 31. c4 Re8 32. Rxh5 Ree2 33. Rb1 Bxg3 34. c5 Kd7 35. Nf6+ Ke6 36. Nxg4 f5 37. Rh6+ Kd5 38. Nf6+ Kxc5 39. Nd7+ Kd4 40. Rb6 Re7 41. Rxb7 Ke3 42. Nc5 Rxb7+ 43. Nxb7 Rxg2 44. Na5 f4 45. Nc4+ Ke2 46. Ne5 f3 47. Nxf3 Kxf3 48. Kc4 Ke4 49. b4 Rc2+ 50. Kb3 Rc8 51. Rg1 Bd6 52. Rg6 Kd5 53. Rg5+ Be5 54. a5 Rc3+ 55. Ka4 Rc1 56. Rg8 Bd6 57. Ra8 Rb1 58. Ka3 Rxb4 59. Ka2 Ra4+ 60. Kb3 Ra3+ 61. Kb2 Rxa5 62. Kb3 Ra3+ 63. Kb2 a5 64. Ra6 Bb4 65. Ra8 Rg3 66. Rc8 a4 67. Ra8 Rg2+ 68. Kb1 Kc4 0-1

[Event "2nd Gujarat Open 2019"]
[Site "Ahmedabad, Gujarat"]
[Date "2019.09.29"]
[Round "10.6"]
[White "Laxman, R.R."]
[Black "Hesham, Abdelrahman"]
[Result "1-0"]
[ECO "A49"]
[WhiteElo "2437"]
[BlackElo "2396"]
[Annotator "ChessBase"]
[PlyCount "67"]
[EventDate "2019.09.22"]
[EventType "swiss"]
[EventCountry "IND"]
[SourceTitle "playchess.com"]
[Source "ChessBase"]
[SourceQuality "1"]
[TimeControl "5400+30"]

1. d4 Nf6 2. Nf3 g6 3. g3 Bg7 4. Bg2 O-O 5. O-O d6 6. b3 b5 7. Bb2 Bb7 8. Qd3 a6 9. Nbd2 c5 10. c3 Nbd7 11. e4 cxd4 12. cxd4 b4 13. a3 a5 14. axb4 axb4 15. Rfc1 d5 16. e5 Ne4 17. Qb5 Rb8 18. Qxb4 Bh6 19. Rd1 Ba6 20. Qa3 Be2 21. Re1 Bd3 22. b4 Bc2 23. Nb3 Nb6 24. Na5 Nc4 25. Nxc4 dxc4 26. Bc1 Bxc1 27. Qxc1 Bd3 28. Qh6 f6 29. exf6 Nxf6 30. Ne5 Qxd4 31. Nc6 Qb2 32. Nxb8 Rxb8 33. Qe3 Ng4 34. Qe6+ 1-0

[Event "2nd Gujarat Open 2019"]
[Site "Ahmedabad, Gujarat"]
[Date "2019.09.29"]
[Round "10.7"]
[White "Manik, Mikulas"]
[Black "Lugovskoy, Maxim"]
[Result "0-1"]
[ECO "C11"]
[WhiteElo "2375"]
[BlackElo "2422"]
[Annotator "ChessBase"]
[PlyCount "68"]
[EventDate "2019.09.22"]
[EventType "swiss"]
[EventCountry "IND"]
[SourceTitle "playchess.com"]
[Source "ChessBase"]
[SourceQuality "1"]
[TimeControl "5400+30"]

1. e4 e6 2. d4 d5 3. Nc3 Nf6 4. e5 Nfd7 5. f4 c5 6. Nf3 Nc6 7. Be3 Be7 8. Qd2 O-O 9. dxc5 Nxc5 10. a3 b6 11. Be2 f5 12. exf6 Bxf6 13. O-O-O Bd7 14. Kb1 Rc8 15. g3 Be8 16. Nd4 Bg6 17. f5 Nxd4 18. fxg6 Nf5 19. gxh7+ Kh8 20. Nb5 Ne4 21. Qd3 Nxe3 22. Qxe3 Bg5 23. Qb3 Rf2 24. Bd3 Nc5 25. Qb4 Bf6 26. c3 Qd7 27. Nd4 e5 28. Bb5 Qh3 29. Nb3 a5 30. Nxa5 bxa5 31. Qxa5 d4 32. cxd4 exd4 33. Rhf1 Qf5+ 34. Ka2 Qd5+ 0-1

[Event "2nd Gujarat Open 2019"]
[Site "Ahmedabad, Gujarat"]
[Date "2019.09.29"]
[Round "10.8"]
[White "Lakshmi Narayanan M V"]
[Black "Konguvel, Ponnuswamy"]
[Result "1/2-1/2"]
[ECO "E88"]
[WhiteElo "2188"]
[BlackElo "2374"]
[Annotator "ChessBase"]
[PlyCount "56"]
[EventDate "2019.09.22"]
[EventType "swiss"]
[EventCountry "IND"]
[SourceTitle "playchess.com"]
[Source "ChessBase"]
[SourceQuality "1"]
[TimeControl "5400+30"]

1. d4 Nf6 2. c4 g6 3. Nc3 Bg7 4. e4 d6 5. f3 O-O 6. Be3 e5 7. d5 c6 8. Qd2 cxd5 9. cxd5 Nbd7 10. Nh3 a6 11. Nf2 b5 12. g4 Nc5 13. Nd3 Nfd7 14. O-O-O Qa5 15. Kb1 b4 16. Ne2 Nxd3 17. Qxd3 Nc5 18. Qd2 f5 19. gxf5 gxf5 20. Bxc5 Qxc5 21. Ng3 fxe4 22. Nxe4 Bf5 23. Bh3 Bxe4+ 24. fxe4 Rf2 25. Qc1 Bh6 26. Qxc5 dxc5 27. Rdf1 Rxf1+ 28. Rxf1 Bf4 1/2-1/2

[Event "2nd Gujarat Open 2019"]
[Site "Ahmedabad, Gujarat"]
[Date "2019.09.29"]
[Round "10.9"]
[White "Mehdi Hasan Parag"]
[Black "Deepan Chakkravarthy J."]
[Result "0-1"]
[ECO "B06"]
[WhiteElo "2183"]
[BlackElo "2539"]
[Annotator "ChessBase"]
[PlyCount "92"]
[EventDate "2019.09.22"]
[EventType "swiss"]
[EventCountry "IND"]
[SourceTitle "playchess.com"]
[Source "ChessBase"]
[SourceQuality "1"]
[TimeControl "5400+30"]

1. e4 g6 2. d4 Bg7 3. Nc3 a6 4. f4 b5 5. Nf3 Bb7 6. Bd3 d6 7. O-O Nd7 8. a4 c5 9. axb5 cxd4 10. Ne2 axb5 11. Rxa8 Qxa8 12. Nexd4 Bxe4 13. Nxb5 Bxf3 14. Rxf3 Qb8 15. Re3 Ngf6 16. c4 Nc5 17. Bc2 d5 18. b4 Nce4 19. Bb2 Qxf4 20. Rf3 Qb8 21. Bxe4 dxe4 22. Re3 Qf4 23. Qe1 Bh6 24. Re2 O-O 25. Bxf6 Qxf6 26. Rxe4 Ra8 27. Nd4 Be3+ 28. Rxe3 Qxd4 29. Qc3 Ra1+ 30. Kf2 Qh4+ 31. Rg3 Rb1 32. h3 f5 33. Ke2 Qe4+ 34. Kf2 e5 35. b5 Qf4+ 36. Rf3 Qh2 37. Qd2 Kg7 38. Rd3 Qg1+ 39. Kg3 f4+ 40. Kh4 Kh6 41. Rf3 Rd1 42. Qf2 Qxf2+ 43. Rxf2 Rd3 44. Rf3 e4 45. Rf2 g5+ 46. Kg4 Kg6 0-1

[Event "2nd Gujarat Open 2019"]
[Site "Ahmedabad, Gujarat"]
[Date "2019.09.29"]
[Round "10.10"]
[White "Nguyen, Van Huy"]
[Black "Thanki, Hemal Karsanji"]
[Result "1-0"]
[ECO "A61"]
[WhiteElo "2454"]
[BlackElo "2098"]
[Annotator "ChessBase"]
[PlyCount "99"]
[EventDate "2019.09.22"]
[EventType "swiss"]
[EventCountry "IND"]
[SourceTitle "playchess.com"]
[Source "ChessBase"]
[SourceQuality "1"]
[TimeControl "5400+30"]

1. d4 Nf6 2. c4 e6 3. Nf3 c5 4. d5 exd5 5. cxd5 d6 6. Nc3 g6 7. Nd2 Nbd7 8. e4 Bg7 9. Be2 O-O 10. O-O a6 11. a4 Ne5 12. f4 Neg4 13. Nc4 Re8 14. h3 Nxe4 15. Bxg4 Bd4+ 16. Kh2 Nf2 17. Rxf2 Bxf2 18. Qf3 Bd4 19. Bxc8 Rxc8 20. Bd2 f5 21. a5 Rc7 22. Ra3 Rd7 23. Rb3 Bxc3 24. Bxc3 Re4 25. Nd2 Ra4 26. Qf2 Qf8 27. Rb6 Qf7 28. Qe3 Re7 29. Qf3 Rd7 30. b3 Ra2 31. Nc4 Qe7 32. Bb2 Qe4 33. Qxe4 fxe4 34. Kg3 Kf8 35. Kf2 Ke7 36. Ke3 Kd8 37. g4 Kc7 38. f5 gxf5 39. gxf5 Rxa5 40. Rxb7+ Kxb7 41. Nxa5+ Kc8 42. Nc4 Kd8 43. Kxe4 Ke8 44. f6 Kf7 45. Kf5 Rd8 46. Bc1 Kg8 47. Bf4 Rb8 48. Nxd6 c4 49. bxc4 Ra8 50. Bh6 1-0

[Event "2nd Gujarat Open 2019"]
[Site "Ahmedabad, Gujarat"]
[Date "2019.09.29"]
[Round "10.11"]
[White "Abu Sufian, Shakil"]
[Black "Neelotpal, Das"]
[Result "1/2-1/2"]
[ECO "B15"]
[WhiteElo "2255"]
[BlackElo "2433"]
[Annotator "ChessBase"]
[PlyCount "66"]
[EventDate "2019.09.22"]
[EventType "swiss"]
[EventCountry "IND"]
[SourceTitle "playchess.com"]
[Source "ChessBase"]
[SourceQuality "1"]
[TimeControl "5400+30"]

1. e4 c6 2. d4 d5 3. Nc3 dxe4 4. Nxe4 Nf6 5. Nxf6+ exf6 6. c3 Bd6 7. Bd3 O-O 8. Qc2 Re8+ 9. Ne2 h6 10. Be3 Qc7 11. O-O-O Be6 12. c4 Na6 13. a3 Rac8 14. Kb1 Qb8 15. h3 b5 16. c5 Bf8 17. Bf4 Qb7 18. Nc3 Nc7 19. Bxc7 Rxc7 20. b4 Rd8 21. f4 a5 22. f5 Bc4 23. Be4 axb4 24. axb4 Rcd7 25. Qf2 Be7 26. Kb2 Ra8 27. Ra1 Bd8 28. Rxa8 Qxa8 29. Ra1 Qb7 30. Rd1 Qa6 31. Ra1 Qc8 32. g4 Be7 33. Rd1 Ra7 1/2-1/2

[Event "2nd Gujarat Open 2019"]
[Site "Ahmedabad, Gujarat"]
[Date "2019.09.29"]
[Round "10.12"]
[White "Murshed, Niaz"]
[Black "Katdare, Jayant C"]
[Result "1-0"]
[ECO "E10"]
[WhiteElo "2405"]
[BlackElo "2046"]
[Annotator "ChessBase"]
[PlyCount "65"]
[EventDate "2019.09.22"]
[EventType "swiss"]
[EventCountry "IND"]
[SourceTitle "playchess.com"]
[Source "ChessBase"]
[SourceQuality "1"]
[TimeControl "5400+30"]

1. d4 Nf6 2. c4 e6 3. Nf3 d5 4. g3 Bb4+ 5. Bd2 Be7 6. Bg2 O-O 7. O-O c6 8. Qc2 b6 9. Rd1 Bb7 10. b3 Na6 11. Nc3 Rc8 12. a3 c5 13. Nb5 Ra8 14. Bf4 Nh5 15. Be3 Nc7 16. Nc3 Rc8 17. dxc5 bxc5 18. Ne5 Bd6 19. f4 Nf6 20. h3 Qe7 21. Bf2 Rfd8 22. Ng4 Ne4 23. cxd5 exd5 24. Nxe4 dxe4 25. Ne3 g6 26. Nc4 Ne6 27. e3 f5 28. Be1 Nd4 29. exd4 cxd4 30. Qb2 Bc5 31. b4 d3+ 32. bxc5 Qxc5+ 33. Bf2 1-0

[Event "2nd Gujarat Open 2019"]
[Site "Ahmedabad, Gujarat"]
[Date "2019.09.29"]
[Round "10.13"]
[White "Eraschenkov, Denis"]
[Black "Liyanage, Ranindu Dilshan"]
[Result "1-0"]
[ECO "B50"]
[WhiteElo "2390"]
[BlackElo "1956"]
[Annotator "ChessBase"]
[PlyCount "111"]
[EventDate "2019.09.22"]
[EventType "swiss"]
[EventCountry "IND"]
[SourceTitle "playchess.com"]
[Source "ChessBase"]
[SourceQuality "1"]
[TimeControl "5400+30"]

1. e4 c5 2. Nf3 d6 3. c3 Nf6 4. h3 Nc6 5. Bd3 d5 6. e5 Nd7 7. Bb5 Qb6 8. Ba4 Qa6 9. Na3 e6 10. Nb5 Qa5 11. O-O a6 12. Nd6+ Bxd6 13. exd6 c4 14. d4 cxd3 15. b4 Qd8 16. Qxd3 O-O 17. Re1 Nf6 18. Bg5 Qxd6 19. Bc2 e5 20. Qe3 e4 21. Nd4 h6 22. Bf4 Qe7 23. Rad1 Nxd4 24. Rxd4 Be6 25. c4 Rfc8 26. c5 b6 27. Bd6 Qd7 28. Bb3 a5 29. Be5 bxc5 30. bxc5 a4 31. c6 Qxc6 32. Bxf6 axb3 33. Qg3 Bg4 34. Bxg7 bxa2 35. Be5 a1=Q 36. Rdxe4 Qxe1+ 37. Rxe1 Qg6 38. hxg4 Rc4 39. f3 Rac8 40. Kh2 d4 41. Rd1 d3 42. f4 Rd8 43. Qh4 Rcc8 44. Rd2 Rd7 45. Bf6 Rc2 46. f5 Qh7 47. Qg3 Rc8 48. Rxd3 Rxd3 49. Qxd3 h5 50. g5 h4 51. Qd7 Ra8 52. Qc6 Rb8 53. Be5 Rd8 54. Qf6 Rf8 55. g6 Qh6 56. g7 1-0

[Event "2nd Gujarat Open 2019"]
[Site "Ahmedabad, Gujarat"]
[Date "2019.09.29"]
[Round "10.14"]
[White "Sidhant, Mohapatra"]
[Black "Kadam Om Manish"]
[Result "1-0"]
[ECO "B50"]
[WhiteElo "2357"]
[BlackElo "1930"]
[Annotator "ChessBase"]
[PlyCount "65"]
[EventDate "2019.09.22"]
[EventType "swiss"]
[EventCountry "IND"]
[SourceTitle "playchess.com"]
[Source "ChessBase"]
[SourceQuality "1"]
[TimeControl "5400+30"]

1. e4 c5 2. Nf3 d6 3. c3 Nf6 4. Bd3 g6 5. O-O Bg7 6. Bc2 O-O 7. d4 cxd4 8. cxd4 d5 9. e5 Ne8 10. h3 Nc6 11. Nc3 Nc7 12. Be3 b5 13. Rc1 Qd7 14. Qd2 Ne6 15. Bb3 Nc7 16. Ne2 Bb7 17. Nf4 Rfc8 18. Rc5 Nd8 19. Nd3 Nce6 20. Rxc8 Rxc8 21. h4 Nc6 22. h5 a5 23. hxg6 hxg6 24. g3 a4 25. Bd1 Kh7 26. Nf4 Nxf4 27. Bxf4 Rh8 28. e6 fxe6 29. Qd3 Nxd4 30. Ng5+ Kg8 31. Qxg6 Rh6 32. Qf7+ Kh8 33. Be5 1-0

[Event "2nd Gujarat Open 2019"]
[Site "Ahmedabad, Gujarat"]
[Date "2019.09.29"]
[Round "10.15"]
[White "Kiran, Manisha Mohanty"]
[Black "Sahoo, Utkal Ranjan"]
[Result "1/2-1/2"]
[ECO "C67"]
[WhiteElo "2102"]
[BlackElo "2329"]
[Annotator "ChessBase"]
[PlyCount "94"]
[EventDate "2019.09.22"]
[EventType "swiss"]
[EventCountry "IND"]
[SourceTitle "playchess.com"]
[Source "ChessBase"]
[SourceQuality "1"]
[TimeControl "5400+30"]

1. e4 e5 2. Nf3 Nc6 3. Bb5 Nf6 4. O-O Nxe4 5. d4 Nd6 6. Bxc6 dxc6 7. dxe5 Nf5 8. Qxd8+ Kxd8 9. Nc3 Ke8 10. h3 Be7 11. b3 Be6 12. Ne4 h6 13. Bb2 Rd8 14. Rad1 Rxd1 15. Rxd1 h5 16. Bc1 Bd5 17. Re1 c5 18. Bg5 b6 19. c3 h4 20. Bf4 Kd7 21. Nfg5 Bxg5 22. Nxg5 Be6 23. Rd1+ Kc6 24. Kh2 a5 25. g4 Ne7 26. Nxe6 fxe6 27. Bg5 Ng6 28. Rd8 Rxd8 29. Bxd8 b5 30. Bg5 Nxe5 31. Bxh4 Nd3 32. Bg3 Nc1 33. Be5 g5 34. f4 gxf4 35. g5 Kd7 36. Bxf4 Nxa2 37. c4 bxc4 38. bxc4 Nb4 39. h4 Nd3 40. Bd2 Ke7 41. Bxa5 Kf7 42. h5 Nf4 43. h6 Kg6 44. Bxc7 Nd3 45. Bd6 Nb2 46. Bxc5 Nxc4 47. Kg3 Ne5 1/2-1/2

[Event "2nd Gujarat Open 2019"]
[Site "Ahmedabad, Gujarat"]
[Date "2019.09.29"]
[Round "10.16"]
[White "Satkar, Chirag"]
[Black "Rathnakaran, K.."]
[Result "0-1"]
[ECO "A42"]
[WhiteElo "2052"]
[BlackElo "2325"]
[Annotator "NA"]
[PlyCount "160"]
[EventDate "2019.09.22"]
[EventType "swiss"]
[EventCountry "IND"]
[SourceTitle "playchess.com"]
[Source "ChessBase"]
[SourceQuality "1"]
[TimeControl "5400+30"]

1. d4 g6 2. c4 Bg7 3. Nc3 d6 4. e4 Nc6 5. Be3 e5 6. d5 Nce7 7. Qd2 f5 8. f3 f4 9. Bf2 Nf6 10. O-O-O a6 11. Kb1 Bd7 12. Nge2 b5 13. c5 O-O 14. a3 Qb8 15. Nc1 b4 16. axb4 Qxb4 17. N3a2 Qb8 18. c6 Be8 19. g4 Bf7 20. Nc3 g5 21. h4 h6 22. h5 Kh8 23. Qc2 Bg8 24. Ka1 Qe8 25. Nb3 a5 26. Bb5 Qb8 27. Ba4 Nc8 28. Nc1 Nb6 29. Bb3 a4 30. Ba2 Ra5 31. N1e2 Qa7 32. Rd2 Rb8 33. Nb1 Qa8 34. Nec3 Nc8 35. Na3 Rb4 36. Nc4 Ra6 37. Rc1 Qb8 38. Qd1 Ne7 39. Na3 Ra8 40. Rcc2 Bf7 41. Qe2 Qc8 42. Ncb5 Ra5 43. Nc3 Qb8 44. Nc4 Ra8 45. Na3 Nc8 46. Nc4 Ng8 47. Na3 Nge7 48. Bc4 Na7 49. Ba2 Bf6 50. Ncb1 Kg7 51. Nc3 Be8 52. Bg1 Kh8 53. Bf2 Bg7 54. Bg1 Bf7 55. Bf2 Bg8 56. Bg1 Bh7 57. Bf2 Ng8 58. Bg1 Nf6 59. Bf2 Nc8 60. Bc4 Ne7 61. Ba2 Bg8 62. Bg1 Bf7 63. Bf2 Qc8 64. Bg1 Neg8 65. Nd1 Ra5 66. Bc4 Qa8 67. Ba2 Rb3 68. Nc3 Qc8 69. Nd1 Nxg4 70. Bxb3 axb3 71. Rc3 N4f6 72. Rxb3 Ne7 73. Rb7 Nfxd5 74. exd5 Nxd5 75. Qe4 Bg8 76. Nf2 Qa8 77. Rd3 Rc5 78. Rdb3 Rc1+ 79. Ka2 Rxg1 80. Rb8 Qxb8 0-1

[Event "2nd Gujarat Open 2019"]
[Site "Ahmedabad, Gujarat"]
[Date "2019.09.29"]
[Round "10.17"]
[White "Kavinda, Akila"]
[Black "Bharat Kumar Reddy Poluri"]
[Result "0-1"]
[ECO "A40"]
[WhiteElo "2029"]
[BlackElo "2304"]
[Annotator "ChessBase"]
[PlyCount "54"]
[EventDate "2019.09.22"]
[EventType "swiss"]
[EventCountry "IND"]
[SourceTitle "playchess.com"]
[Source "ChessBase"]
[SourceQuality "1"]
[TimeControl "5400+30"]

1. d4 e6 2. Nf3 d5 3. c4 Nf6 4. e3 b6 5. b3 Bb7 6. Bd3 Be7 7. O-O O-O 8. Nc3 Nbd7 9. Bb2 c5 10. cxd5 Nxd5 11. Nxd5 Bxd5 12. Rc1 Bf6 13. Ba3 Be7 14. Bb2 Bb7 15. Qe2 cxd4 16. Nxd4 Nc5 17. Bb5 Bf6 18. Rfd1 Qd5 19. f3 a6 20. Bc4 Qh5 21. b4 Na4 22. Ba1 b5 23. Bb3 Rac8 24. Bxa4 bxa4 25. Qe1 Be5 26. f4 Bf6 27. Qg3 e5 0-1

[Event "2nd Gujarat Open 2019"]
[Site "Ahmedabad, Gujarat"]
[Date "2019.09.29"]
[Round "10.18"]
[White "Pandey Srishti"]
[Black "Srihari L R"]
[Result "1/2-1/2"]
[ECO "B06"]
[WhiteElo "1928"]
[BlackElo "2283"]
[Annotator "ChessBase"]
[PlyCount "51"]
[EventDate "2019.09.22"]
[EventType "swiss"]
[EventCountry "IND"]
[SourceTitle "playchess.com"]
[Source "ChessBase"]
[SourceQuality "1"]
[TimeControl "5400+30"]

1. d4 d6 2. e4 g6 3. Nc3 Bg7 4. Be2 Nd7 5. Be3 a6 6. a4 b6 7. f4 e6 8. Bf3 Bb7 9. Nge2 Ne7 10. O-O O-O 11. Ng3 f5 12. e5 Bxf3 13. Rxf3 Qc8 14. Nge2 Qb7 15. Qe1 b5 16. Qh4 Kf7 17. Rd1 b4 18. d5 bxc3 19. dxe6+ Kxe6 20. Qxh7 Bxe5 21. Nd4+ Bxd4 22. Bxd4 Nf6 23. Bxf6 Kxf6 24. Qh4+ Kf7 25. Qh7+ Kf6 26. Re1 1/2-1/2

[Event "2nd Gujarat Open 2019"]
[Site "Ahmedabad, Gujarat"]
[Date "2019.09.29"]
[Round "10.19"]
[White "Barath Kalyan M"]
[Black "Vlassov, Nikolai"]
[Result "0-1"]
[ECO "A50"]
[WhiteElo "2092"]
[BlackElo "2384"]
[Annotator "ChessBase"]
[PlyCount "56"]
[EventDate "2019.09.22"]
[EventType "swiss"]
[EventCountry "IND"]
[SourceTitle "playchess.com"]
[Source "ChessBase"]
[SourceQuality "1"]
[TimeControl "5400+30"]

1. d4 Nf6 2. c4 Nc6 3. Nf3 e6 4. a3 g6 5. Nc3 Bg7 6. d5 Ne7 7. dxe6 fxe6 8. e3 O-O 9. Be2 b6 10. Qc2 Bb7 11. b4 Nf5 12. O-O Ne4 13. Bb2 Ng5 14. Nd2 Nh3+ 15. Kh1 Nxf2+ 16. Rxf2 Nxe3 17. Qd3 Rxf2 18. Qxe3 Rxg2 19. Nf3 Rxe2 20. Qxe2 Qf6 21. Rf1 Rf8 22. Kg2 Qg5+ 23. Kh3 Qf5+ 24. Kg3 Qf4+ 25. Kg2 Qg4+ 26. Kf2 Bxf3 27. Qd2 Be2+ 28. Ke1 Rxf1# 0-1

[Event "2nd Gujarat Open 2019"]
[Site "Ahmedabad, Gujarat"]
[Date "2019.09.29"]
[Round "10.20"]
[White "Anadkat Kartavya"]
[Black "Pranav, V."]
[Result "1-0"]
[ECO "B30"]
[WhiteElo "2088"]
[BlackElo "2308"]
[Annotator "NA"]
[PlyCount "151"]
[EventDate "2019.09.22"]
[EventType "swiss"]
[EventCountry "IND"]
[SourceTitle "playchess.com"]
[Source "ChessBase"]
[SourceQuality "1"]
[TimeControl "5400+30"]

1. e4 c5 2. Nf3 Nc6 3. g3 g6 4. Bg2 Bg7 5. O-O e5 6. c3 Nge7 7. d3 O-O 8. a3 d5 9. exd5 Nxd5 10. Nbd2 h6 11. Re1 Re8 12. Nc4 Bf5 13. Nh4 Be6 14. Qc2 Qc7 15. Bd2 Rad8 16. Rad1 b5 17. Ne3 Nxe3 18. Bxe3 Na5 19. Qe2 Bb3 20. Rd2 Rd6 21. Qf1 Rde6 22. Rde2 Qd6 23. f4 exf4 24. Bxf4 Qd8 25. Rxe6 Rxe6 26. Rxe6 Bxe6 27. Nf3 Bd5 28. Qe2 g5 29. Be3 Nb3 30. Ne1 Be6 31. Qf3 Qe7 32. Qb7 Bd7 33. Qe4 Be6 34. Qb7 Qe8 35. Qxa7 Bd5 36. Kf2 Bxg2 37. Nxg2 Qd8 38. Ne1 Qf6+ 39. Kg1 Qc6 40. Qe7 f5 41. Bf2 Bf6 42. Qe3 Kg7 43. h3 Qd7 44. Qe2 Qd5 45. g4 fxg4 46. hxg4 Qd7 47. Qe4 Nd2 48. Qe2 Nb3 49. Be3 Qe6 50. Qf3 Be7 51. Qe4 Qd7 52. Nf3 Bf6 53. Kg2 Qc7 54. Nh2 Qe5 55. Qxe5 Bxe5 56. Nf3 Kf6 57. Kf2 Ke6 58. Ke2 Bf6 59. Kd1 Kd5 60. Kc2 Na1+ 61. Kb1 Nb3 62. Kc2 Na1+ 63. Kd1 Nb3 64. Nd2 c4 65. dxc4+ bxc4 66. Nxb3 cxb3 67. Kd2 Kc4 68. Bf2 Be5 69. Be3 Bd6 70. a4 Bc7 71. Ke2 Be5 72. Kd2 Bc7 73. Bd4 Bf4+ 74. Kd1 Bc7 75. Bg7 Kd3 76. Bxh6 1-0

[Event "2nd Gujarat Open 2019"]
[Site "Ahmedabad, Gujarat"]
[Date "2019.09.29"]
[Round "10.21"]
[White "Shailesh, Dravid"]
[Black "Pimpalkhare Vedant"]
[Result "1-0"]
[ECO "A01"]
[WhiteElo "2299"]
[BlackElo "2104"]
[Annotator "ChessBase"]
[PlyCount "57"]
[EventDate "2019.09.22"]
[EventType "swiss"]
[EventCountry "IND"]
[SourceTitle "playchess.com"]
[Source "ChessBase"]
[SourceQuality "1"]
[TimeControl "5400+30"]

1. b3 Nf6 2. Bb2 e6 3. Nf3 Be7 4. e3 b6 5. c4 c5 6. Be2 Bb7 7. Nc3 d6 8. O-O O-O 9. d4 cxd4 10. exd4 d5 11. Ne5 dxc4 12. bxc4 Nbd7 13. Bd3 Rc8 14. Qe2 Re8 15. Rad1 Nf8 16. h4 Qc7 17. h5 Red8 18. h6 g6 19. d5 exd5 20. Nb5 Qc5 21. Ba3 Qxa3 22. Nxa3 Bxa3 23. Qf3 Be7 24. Rfe1 Ne6 25. Ng4 Nxg4 26. Qxg4 Rd6 27. cxd5 Bxd5 28. Bf5 Rcd8 29. Rxd5 1-0